AoeStats
← ccereal

MegaRandom

509610614Analyzed
3v3 RM · 5d ago on Sep 27, 2026· 31m 6s· 6 players
Game mode
Random Map
Map size
Normal (6 player)
Population
200
Speed
Normal
Resources
Standard
Victory
Conquest
Starting age
Dark Age
Ending age
Imperial Age
RankedLock teamsTeams togetherTeam positionsShared explorationLock speedFull tech treeHidden civsTurbo modeCheats
Victory
Defeat
🇫🇷 Saracens · France
1608
+5
🇫🇷 Lithuanians · France
1410
+11
🇫🇷 Vietnamese · France
1276
+15
🇨🇴 Varangians · Colombia
1317
-11
🇺🇸 Maya · United States
1314
-11
🇪🇸 Malians · Spain
1272
-9
Mahore
11:44 Feudal Age
15:16 Loom
17:15 Fletching
17:27 Padded Archer Armor
22:57 Fletching
CARANZA
3:47 Loom
12:19 Feudal Age
12:55 Double-Bit Axe
18:19 Castle Age
16:40 Horse Collar
18:09 Bloodlines
18:59 Forging
18:55 Scale Barding Armor
23:33 Chain Barding Armor
25:45 Wheelbarrow
30:35 Husbandry
dl_cucga
0:28 Loom
13:57 Feudal Age
18:40 Castle Age
17:38 Fletching
18:17 Double-Bit Axe
18:16 Horse Collar
19:46 Bodkin Arrow
26:55 Fishing Lines
27:52 Padded Archer Armor
29:05 Ballistics
La Momone 38
7:37 Loom
9:58 Feudal Age
10:42 Double-Bit Axe
15:33 Fletching
20:05 Castle Age
21:36 Forging
21:32 Scale Barding Armor
23:18 Iron Casting
23:25 Chain Barding Armor
23:18 Bloodlines
26:07 Husbandry
29:47 Wheelbarrow
31:05 Gold Mining
ccereal
6:03 Loom
6:17 Loom
8:50 Feudal Age
10:03 Double-Bit Axe
13:31 Fletching
20:36 Castle Age
19:39 Padded Archer Armor
20:37 Crossbowman
21:13 Bodkin Arrow
23:00 Ballistics
30:20 Imperial Age
30:28 Bow Saw
30:21 Arbalester
31:26 Bracer
Jungle Kriss
7:44 Loom
12:01 Feudal Age
12:28 Double-Bit Axe
12:31 Horse Collar
14:22 Fletching
16:19 Gold Mining
23:30 Castle Age
22:29 Town Watch
24:43 Bow Saw
25:10 Wheelbarrow
23:58 Crossbowman
24:41 Bodkin Arrow
25:23 Padded Archer Armor
30:23 Stone Mining
Connection lost

Rejoining the realm…

Still unreachable

The connection could not be restored.

Session expired

The server has moved on; the page needs a fresh start.